 Dungeon Crawl Stone Soup version 0.26-a0-365-g11c2b62 (webtiles) character file.

Game seed: 17220200413667624119

1024 Illumine the Chiller (level 8, -11/48 HPs)
             Began as a Gargoyle Ice Elementalist on July 19, 2020.
             Mangled by an ice beast (13 damage)
             ... on level 5 of the Dungeon.
             The game lasted 00:10:54 (5199 turns).

Illumine the Chiller (Gargoyle Ice Elementalist)    Turns: 5199, Time: 00:10:55

Health: -11/48     AC: 12    Str: 12    XL:     8   Next: 22%
Magic:  14/14      EV: 13    Int: 18    God:
Gold:   209        SH:  0    Dex: 10    Spells: 7/15 levels left

rFire    . . .     SeeInvis .   v - +0 falchion (holy)
rCold    . . .     Faith    .   (no shield)
rNeg     + . .     Spirit   .   a - +0 robe
rPois    ∞         Reflect  .   (no helmet)
rElec    +         Harm     .   (no cloak)
rCorr    .                      y - +0 pair of gloves (curse)
MR       .....                  (no boots)
Stlth    +++.......             (no amulet)
HPRegen  0.16/turn              i - ring of stealth
MPRegen  0.14/turn              m - +4 ring of protection

@: no status effects
A: negative energy resistance 1, electricity resistance, unbreathing,
petrification resistance, rot immunity, AC +5
a: no special abilities


You were on level 5 of the Dungeon.
You visited 1 branch of the dungeon, and saw 5 of its levels.

You collected 209 gold pieces.

Inventory:

Hand Weapons
 b - a +0 club
 d - a +0 dagger
 v - a +0 falchion of holy wrath (weapon)
Missiles
 q - 15 boomerangs (quivered)
Armour
 a - a +0 robe (worn)
 y - a cursed +0 pair of gloves (worn)
 z - a +0 tower shield
Magical Staves
 t - an uncursed staff of summoning
Jewellery
 i - a ring of stealth (left hand)
 m - a +4 ring of protection (right hand)
 o - an uncursed ring of resist corrosion
Scrolls
 c - 5 scrolls of identify
 g - a scroll of teleportation
 h - a scroll of fear {unknown}
 k - 2 scrolls of blinking {unknown}
 l - a scroll of magic mapping {unknown}
 n - 3 scrolls of amnesia {unknown}
 r - 2 scrolls of remove curse
 s - a scroll of noise {unknown}
 w - a scroll of immolation {unknown}
Potions
 e - 3 potions of mutation
 f - 2 potions of cancellation
 j - 2 potions of heal wounds {unknown}
 p - a potion of flight {unknown}
 u - 2 potions of haste {unknown}
 x - 2 potions of ambrosia {unknown}


   Skills:
 + Level 4.3 Fighting
 + Level 2.4 Armour
 - Level 3.2 Dodging
 - Level 2.4 Stealth
 + Level 4.4 Spellcasting
 + Level 1.9 Summonings
 + Level 6.2 Ice Magic


You had 7 spell levels left.
You knew the following spells:

 Your Spells              Type           Power        Failure   Level
a - Freeze                Ice            ####         1%          1
b - Frozen Ramparts       Ice            ####..       3%          3
c - Blink                 Tloc           N/A          22%         2
d - Call Imp              Summ           ##......     10%         2

Your spell library contained the following spells:

 Spells                   Type           Power        Failure   Level
 Ozocubu's Armour         Ice            ####....     3%          3
 Magic Dart               Conj           #...         14%         1
 Slow                     Hex            #.......     22%         2
 Summon Ice Beast         Ice/Summ       ###.....     26%         4
 Hailstorm                Conj/Ice       ###.....     36%         4
 Conjure Flame            Conj/Fire      #.......     38%         3
 Mephitic Cloud           Conj/Pois/Air  #.......     38%         3


Dungeon Overview and Level Annotations

Branches:
Dungeon (5/15)
 Temple: D:4-7

Altars:
Okawaru


Innate Abilities, Weirdness & Mutations

You are resistant to torment.
Your stone body is resilient. (AC +5)
You are immune to poison.
You resist negative energy. (rN+)
You are resistant to electric shocks. (rElec)
You can survive without breathing.
You are immune to petrification.
You are immune to rotting.


Message History

The ice beast freezes you!
* * * LOW HITPOINT WARNING * * *
The ice beast closely misses you.
You riposte.
You barely miss the ice beast.
The ice beast is severely wounded.
You closely miss the ice beast.
The ice beast is severely wounded.
The ice beast closely misses you.
You riposte.
You barely miss the ice beast.
The ice beast is severely wounded.
You closely miss the ice beast.
The ice beast is severely wounded.
The ice beast hits you but does no damage.
You closely miss the ice beast.
The ice beast is severely wounded.
The ice beast hits you but does no damage. x2
You hit the ice beast.
The ice beast is almost dead.
The ice beast hits you.
* * * LOW HITPOINT WARNING * * *
The ice beast freezes you!
You die...

####### ######
##.$...##.....#
##..............
#...............
#.......)...?...
#.......@Y......
#...............
######...............
#....................
##
#....................
.#
#......#......#.....#
.#
#......#......#######
.# #...(....#.##...
.# #..........# ...


You could see an ice beast.

Vanquished Creatures
  Sigmund (D:3)
  A phantom (D:4)
  2 ogres (D:4)
  2 centaurs
  A howler monkey (D:4)
  An orc priest (D:3)
  A hound (D:5)
  An iguana (D:5)
  4 worker ants
  2 hound skeletons
  9 adders
  2 white imps (D:5)
  4 worms
  A dart slug (D:1)
  3 leopard geckos
  12 orcs
  3 giant cockroaches
  8 goblins
  9 hobgoblins
  8 jackals (D:2)
  11 kobolds
  2 quokkas
  A ball python (D:1)
  6 bats
  5 frilled lizards
  4 rats
104 creatures vanquished.

Notes
Turn   | Place    | Note
-------+----------+-------------------------------------------
     0 | D:1      | Illumine the Gargoyle Ice Elementalist began the quest for
                  | the Orb.
     0 | D:1      | Reached XP level 1. HP: 10/10 MP: 3/3
   309 | D:1      | Reached XP level 2. HP: 15/15 MP: 3/5
   926 | D:2      | Reached XP level 3. HP: 19/19 MP: 3/6
   998 | D:2      | Learned a level 3 spell: Frozen Ramparts
  1001 | D:2      | Learned a level 2 spell: Blink
  1416 | D:2      | Reached XP level 4. HP: 15/24 MP: 0/7
  1654 | D:2      | Reached skill level 1 in Fighting
  1680 | D:2      | Found an iron altar of Okawaru.
  2524 | D:3      | Reached XP level 5. HP: 29/29 MP: 5/9
  2747 | D:3      | Reached skill level 5 in Ice Magic
  3301 | D:3      | Noticed Sigmund
  3559 | D:3      | Killed Sigmund
  3559 | D:3      | Reached XP level 6. HP: 26/36 MP: 4/11
  4096 | D:4      | Reached XP level 7. HP: 41/41 MP: 6/12
  4174 | D:4      | Learned a level 2 spell: Call Imp
  4520 | D:4      | Reached skill level 1 in Armour
  4520 | D:4      | Reached skill level 1 in Summonings
  4737 | D:4      | Reached skill level 6 in Ice Magic
  4901 | D:5      | Entered Level 5 of the Dungeon
  4915 | D:5      | Reached XP level 8. HP: 48/48 MP: 7/14
  5199 | D:5      | HP: 2/48 [ice beast (3)]
  5199 | D:5      | Mangled by an ice beast

Illustrated notes

Levels and vault maps discovered:
D:1:      lemuel_arrival_behind_the_door_small, layout_loops_ring
D:2:      minmay_evil_eye, layout_loops_corners, okawaru_trees_1
D:3:      layout_loops_ring, chequers_avenue, uniq_sigmund
D:4:      layout_loops_cross
D:5:      layout_rooms, uniq_pikel

Skill      XL: |  1  2  3  4  5  6  7  8 |
---------------+-------------------------+-----
Dodging        | 2 3 |  3.2
Fighting       | 1 2 3 4 |  4.3
Ice Magic      | 5 6 |  6.2
Spellcasting   | 3 4 |  4.4
Armour         | 1 2 |  2.4
Summonings     | 1 |  1.9
Stealth        | |  2.4

Action                   |  1- 3 |  4- 6 |  7- 9 || total
-------------------------+-------+-------+-------++-------
Melee: Unarmed           |     1 |       |       ||     1
       Club              |    13 |    37 |       ||    50
       Falchion          |       |       |    65 ||    65
Throw: Boomerang         |       |     3 |    11 ||    14
 Cast: Freeze            |    55 |    63 |    25 ||   143
       Frozen Ramparts   |       |    10 |     4 ||    14
  Use: Scroll            |     3 |     1 |     1 ||     5
 Stab: Sleeping          |       |       |     2 ||     2
Armor: Robe              |    22 |    39 |    41 ||   102
Dodge: Dodged            |    21 |    67 |    60 ||   148
       Rpst.: Falchion   |       |       |    22 ||    22

Table legend: (Time is in decaauts)
 A = Elapsed time spent in this place.
 B = Non-inter-level travel time spent in this place.
 C = Inter-level travel time spent in this place.
 D = Time resting spent in this place.
 E = Time spent auto-exploring this place.
 F = Levels seen in this place.
 G = Mean time per level.
                   A        B        C        D        E       F      G
               +--------+--------+--------+--------+--------+-----+--------+
         Total |   5230 |   5006 |    224 |   1483 |   2600 |   5 | 1046.0 |
       Dungeon |   5230 |   5006 |    224 |   1483 |   2600 |   5 | 1046.0 |
               +--------+--------+--------+--------+--------+-----+--------+
